 Dungeon Crawl Stone Soup version 0.31-a0-1448-g4a97266 (webtiles) character file.

Game seed: 12162841455025211505

182 PublicAnimeNo1 the Ruffian (level 5, -6/46 HPs)
             Began as a Ghoul Monk on Dec 27, 2023.
             Killed by divine providence
             ... invoked by an orc priest
              (15 damage)
             ... on level 3 of the Dungeon.
             The game lasted 00:03:22 (2463 turns).

PublicAnimeNo1 the Ruffian (Ghoul Monk)             Turns: 2463, Time: 00:03:23

Health: -6/46      AC:  2    Str: 17    XL:     5   Next: 62%
Magic:  5/5        EV: 12    Int:  9    God:
Gold:   69         SH:  0    Dex: 11    Spells: 4/4 levels left

rFire   . .          .
                       - Unarmed
rCold   + . .        c - orb {light}
rNeg    + + +        a - +0 robe
rPois   ∞            (no helmet)
rElec   .            (no cloak)
rCorr   .            (no gloves)
SInv    .            (no boots)
Will    .....        (no amulet)
Stlth   +            (no ring)
HPRegen 0.00/turn    (no ring)
MPRegen 0.09/turn

%: no passive effects
@: confused, mighty, inhibited regen, hasted, glowing, very quick
A: claws 1, cold resistance 1, negative energy resistance 3, inhibited
regeneration, torment resistance 2, devour on kill
a: no special abilities


You were on level 3 of the Dungeon.
You visited 1 branch of the dungeon, and saw 3 of its levels.

You collected 69 gold pieces.

Inventory:

Armour
 a - a +0 robe (worn)
 c - an orb of light (worn)
Jewellery
 f - a +6 ring of intelligence
 k - a +6 ring of strength
Wands
 n - a wand of paralysis (2)
Scrolls
 d - a scroll of vulnerability {unknown}
 e - a scroll of acquirement {unknown}
 h - 5 scrolls of identify {unknown}
 l - a scroll of enchant armour {unknown}
 m - a scroll of teleportation {unknown}
Potions
 j - a potion of degeneration {unknown}
 o - a potion of brilliance {unknown}


   Skills:
 + Level 4.1 Fighting
 + Level 3.4 Dodging
 + Level 2.4 Stealth
 * Level 4.9 Unarmed Combat


You had 4 spell levels left.
You didn't know any spells.
Your spell library was empty.

Dungeon Overview and Level Annotations

Branches:
Dungeon (3/15)

Altars:
Sif Muna


Innate Abilities, Weirdness & Mutations

You are immune to poison.
You have sharp fingernails.
Your flesh is cold resistant. (rC+)
You are immune to negative energy. (rN+++)
You do not regenerate when monsters are visible.
You are immune to unholy pain and torment.
You thrive by killing the living.


Message History

You scratch the orc wizard but do no damage.
The orc wizard is moderately wounded.
The orc hits you but does no damage.
The orc wizard hits you but does no damage.
Okay, then.
The orc wizard attacks as it pursues you!
The orc wizard hits you with a +0 dagger.
The orc priest miscasts a cantrip.
The orc wizard attacks as it pursues you!
The orc wizard hits you but does no damage.
The orc wizard casts a spell at you.
You are confused.
You are too confused!
The orc priest looks encouraged for a moment.
It was a potion of might.
You feel very mighty all of a sudden.
You bump into the rock wall.
The orc wizard misses you.
You closely miss the orc wizard.
The orc wizard is moderately wounded.
The orc priest looks satisfied for a moment.
The orc hits you from afar with a +0 trident!
* * * LOW HITPOINT WARNING * * *
The orc wizard hits you but does no damage.
You are more confused.
You feel invigorated.
The orc priest looks braver for a moment.
The orc hits you from afar with a +0 trident.
* * * LOW HITPOINT WARNING * * *
The orc wizard hits you with a +0 dagger.
* * * LOW HITPOINT WARNING * * *
You bump into the rock wall.
The orc misses you.
The orc wizard gestures at you while chanting.
The magic dart hits you.
* * * LOW HITPOINT WARNING * * *
You're too confused to move!
You feel less invigorated. The orc barely misses you.
The orc wizard barely misses you.
It was a potion of haste.
You feel yourself speed up.
The orc priest calls down the wrath of Beogh upon you.
Beogh smites you!
You die...

##################
#.................
#.################
#@# ######## #o#
........ #o#
####... #o# ##...
#.# #.#.. #.#
#..#. #.# #...#
#)# ##... #..
##...


You could see an orc priest, an orc wizard and an orc.

Vanquished Creatures
  An orc priest (D:3)
  7 gnolls
  2 adders
  A worm (D:2)
  2 dart slugs (D:1)
  10 orcs
  6 bats
  4 giant cockroaches
  2 goblins (D:1)
  4 hobgoblins (D:1)
  A kobold (D:2)
  2 quokkas (D:2)
  4 ball pythons
  3 frilled lizards
  4 rats
53 creatures vanquished.

Notes
Turn   | Place    | Note
-------+----------+-------------------------------------------
     0 | D:1      | PublicAnimeNo1 the Ghoul Monk began the quest for the Orb.
     0 | D:1      | Reached XP level 1. HP: 19/19 MP: 1/1
   101 | D:1      | Reached XP level 2. HP: 6/26 MP: 2/2
   454 | D:1      | Reached skill level 1 in Stealth
   567 | D:1      | Reached XP level 3. HP: 31/31 MP: 3/3
   800 | D:2      | Reached XP level 4. HP: 20/40 MP: 4/4
  1731 | D:3      | Found a shimmering blue altar of Sif Muna.
  1771 | D:3      | Reached XP level 5. HP: 19/46 MP: 5/5
  2463 | D:3      | Killed from afar by an orc priest

Illustrated notes

Levels and vault maps discovered:
D:1:      minmay_arrival_arboretum_small, layout_basic, minmay_tree_intersection
D:2:      layout_basic
D:3:      layout_basic, old_standard_altar, corexii_corridor_pit,
          minmay_misc_feat_square, solitary_fountain, hangedman_decor_slide_cut,
          uniq_crazy_yiuf_cottage

Skill      XL: |  1  2  3  4 |
---------------+-------------+-----
Stealth        | 1 2 |  2.4
Dodging        | 3 |  3.4
Unarmed Combat | 4 |  4.9
Fighting       | 4 |  4.1

Action                     |  1- 3 |  4- 6 || total
---------------------------+-------+-------++-------
  Melee: Unarmed           |    69 |    90 ||   159
    Use: Potion            |       |     3 ||     3
 Armour: Robe              |    29 |    56 ||    85
  Dodge: Dodged            |    35 |    47 ||    82

Table legend: (Time is in decaauts)
 A = Elapsed time spent in this place.
 B = Non-inter-level travel time spent in this place.
 C = Inter-level travel time spent in this place.
 D = Time resting spent in this place.
 E = Time spent auto-exploring this place.
 F = Levels seen in this place.
 G = Mean time per level.
                   A        B        C        D        E       F      G
               +--------+--------+--------+--------+--------+-----+--------+
         Total |   2450 |   2349 |    101 |     71 |   1930 |   3 |  816.7 |
       Dungeon |   2450 |   2349 |    101 |     71 |   1930 |   3 |  816.7 |
               +--------+--------+--------+--------+--------+-----+--------+

Top non-repeatable levels by time:
     D:2: 1078 daAuts
     D:3: 789 daAuts
     D:1: 582 daAuts
